 Dungeon Crawl Stone Soup version 0.22.1-2-g9c5b331383 (webtiles) character file.

1157 Marnok the Slasher (level 8, -11/78 HPs)
             Began as a Troll Fighter on Dec 27, 2018.
             Killed by divine providence
             ... invoked by an orc priest
              (13 damage)
             ... on level 7 of the Dungeon.
             The game lasted 00:21:50 (2997 turns).

Marnok the Slasher (Troll Fighter)                  Turns: 2997, Time: 00:21:50

Health: -11/78     AC:  1    Str: 26    XL:     8   Next: 16%
Magic:  7/7        EV: 24    Int:  2    God:
Gold:   223        SH:  9    Dex: 10    Spells: 7/7 levels left

rFire    . . .     SeeInvis .   a - +0 long sword
rCold    . . .     Gourm    +   c - +0 shield
rNeg     . . .     Faith    .   b - +0 robe
rPois    .         Spirit   .   (helmet restricted)
rElec    .         Reflect  .   (no cloak)
rCorr    .         Harm     .   (gloves unavailable)
MR       +....     Clarity  +   (boots unavailable)
Stlth    +.........             e - amulet of the acrobat
HPRegen  0.63/turn              (no ring)
MPRegen  0.10/turn              (no ring)

@: lethally poisoned (-11 -> -11), corroded
A: large, unfitting armour, claws 3, clarity, dopey 1, fast metabolism 3,
gourmand, magic resistance 1, regeneration 1, shaggy fur 1, tough skin 2,
evolution 2
a: no special abilities


You were on level 7 of the Dungeon.
You were not hungry.

You visited 1 branch of the dungeon, and saw 7 of its levels.

You collected 223 gold pieces.

Inventory:

Hand Weapons
 a - a +0 long sword (weapon)
Armour
 b - a +0 robe (worn)
 c - a +0 shield (worn)
Jewellery
 e - an amulet of the acrobat (around neck)
 o - an uncursed ring of wizardry {unknown}
 r - a cursed amulet of inaccuracy {unknown}
Wands
 d - a wand of random effects (28)
 t - a wand of paralysis (12)
 w - a wand of clouds (7)
Scrolls
 g - a scroll of blinking {unknown}
 i - a scroll of random uselessness
 j - a scroll of enchant weapon {unknown}
 k - 4 scrolls of identify
 n - 3 scrolls of teleportation
 q - 3 scrolls of remove curse
 s - a scroll of fog
 u - a scroll of immolation {unknown}
 v - a scroll of noise {unknown}
Potions
 h - a potion of ambrosia
 l - 2 potions of flight
 m - a potion of degeneration
 p - a potion of resistance
Comestibles
 f - 7 rations


   Skills:
 + Level 4.2 Fighting
 + Level 5.3 Long Blades
 + Level 4.3 Dodging
 + Level 0.6 Stealth
 + Level 4.1 Shields


You had 7 spell levels left.
You didn't know any spells.
Your spell library was empty.

Dungeon Overview and Level Annotations

Branches:
Dungeon (7/15)
 Temple: D:4-7

Altars:
Dithmenos
Fedhas

Shops:
D:4 %=%   D:5 *

Annotations:
D:5 2 transporters, Prince Ribbit


Innate Abilities, Weirdness & Mutations

You are too large for most types of armour.
You have claws for hands.
Your metabolism is lightning-fast.
You like to eat raw meat.
Your natural rate of healing is unusually fast.
You are covered in fur. (AC +1)
You have very tough skin. (AC +2)
You possess an exceptional clarity of mind.
You are dopey. (Int -2)
You are resistant to hostile enchantments. (MR+)
You rapidly evolve.


Message History

The jelly is severely wounded.
You feel sick. You block the jelly's attack. The jelly hits you.
The acid corrodes you!
You are splashed with acid!
The acid burns!
You hit the jelly but do no damage.
Your claws burn!
The jelly is severely wounded.
You feel sick. The jelly hits you.
You are splashed with acid!
The acid burns!
You hit the jelly.
Your claws burn!
The jelly is almost dead.
You feel sick.
The orc priest calls down the wrath of Beogh upon you.
Beogh smites you!
* * * LOW HITPOINT WARNING * * *
The jelly hits you.
* * * LOW HITPOINT WARNING * * *
You are splashed with acid!
The acid burns!
* * * LOW HITPOINT WARNING * * *
You feel sick.
The orc priest calls down the wrath of Beogh upon you.
Beogh smites you!
You die...

#.# .# #.##.# #.##.# ..##.#
. #+# #..#.# #.. #.# #....#
#...(###o###.##.###########
#./..oooJ@....#.........#
#...##.o######...........#
#.. #Z## #.........(.# .
..... ##...........#
####.[..##............#
........#.........#
....###.#.......).# ###
#.#.........# #.#.........#


You could see a jelly, an orc priest and 4 orcs.

Vanquished Creatures
  Grinder (D:5)
  An ice beast (D:5)
  A sky beast (D:6)
  An ogre (D:5)
  2 centaurs (D:5)
  A bullfrog (D:7)
  A howler monkey (D:5)
  3 crimson imps (D:5)
  A jelly (D:6)
  A bullfrog zombie (D:7)
  An orc priest (D:7)
  An iguana (D:4)
  An orc wizard (D:6)
  A bullfrog skeleton (D:5)
  2 worker ants
  3 adders
  A shadow imp (D:4)
  An adder zombie (D:6)
  A worm (D:5)
  A dart slug (D:2)
  A leopard gecko (D:3)
  12 orcs
  2 giant cockroaches
  7 hobgoblins
  7 jackals
  2 quokkas (D:3)
  3 ball pythons
  3 bats
  5 frilled lizards
  4 goblins
  2 kobolds
  11 rats
85 creatures vanquished.

Vanquished Creatures (others)
  11 toadstools (D:6)
11 creatures vanquished.

Grand Total: 96 creatures vanquished

Notes
Turn   | Place    | Note
-------+----------+-------------------------------------------
     0 | D:1      | Marnok the Troll Fighter began the quest for the Orb.
     0 | D:1      | Reached XP level 1. HP: 22/22 MP: 0/0
   285 | D:1      | Reached XP level 2. HP: 29/29 MP: 1/1
   385 | D:2      | Reached skill level 2 in Long Blades
   385 | D:2      | Reached XP level 3. HP: 35/36 MP: 2/2
  1060 | D:4      | Found Zexket's Food Boutique.
  1064 | D:5      | Entered Level 5 of the Dungeon
  1064 | D:5      | Noticed an ogre
  1072 | D:4      | Reached XP level 4. HP: 31/44 MP: 3/3
  1169 | D:4      | Found a blossoming altar of Fedhas.
  1229 | D:4      | Found a shadowy altar of Dithmenos.
  1267 | D:5      | Killed an ogre
  1267 | D:5      | Reached skill level 3 in Long Blades
  1267 | D:5      | Reached XP level 5. HP: 31/53 MP: 4/4
  1386 | D:5      | Reached XP level 6. HP: 61/61 MP: 5/5
  1458 | D:6      | Noticed Prince Ribbit
  1458 | D:6      | Noticed a sky beast
  1485 | D:5      | Found Rynkaats's General Store.
  1577 | D:5      | Noticed a kobold demonologist
  1593 | D:5      | Found a transporter.
  1655 | D:4      | Found Qyduec's Jewellery Emporium.
  1689 | D:4      | Found Ateqicw's Food Shop.
  1924 | D:5      | Found a transporter.
  1933 | D:5      | Noticed Grinder
  1934 | D:5      | Paralysed by Grinder for 6 turns
  1941 | D:5      | Gained mutation: You possess an exceptional clarity of
                  | mind. [potion of mutation]
  1941 | D:5      | Gained mutation: You are dopey. (Int -2) [potion of
                  | mutation]
  1941 | D:5      | Gained mutation: You evolve. [potion of mutation]
  1941 | D:5      | Gained mutation: You are resistant to hostile enchantments.
                  | (MR+) [potion of mutation]
  1956 | D:5      | Killed Grinder
  1956 | D:5      | Reached skill level 4 in Long Blades
  1956 | D:5      | Reached XP level 7. HP: 19/67 MP: 6/6
  2130 | D:5      | HP: 3/67 [ice beast (10)]
  2467 | D:5      | Gained mutation: You rapidly evolve. [evolution]
  2576 | D:5      | Reached skill level 5 in Long Blades
  2743 | D:6      | Reached XP level 8. HP: 30/78 MP: 7/7
  2996 | D:7      | HP: 2/78 [acid (7)]
  2997 | D:7      | Killed from afar by an orc priest

Skill      XL: |  1  2  3  4  5  6  7 |
---------------+----------------------+-----
Long Blades    | 2 3 4 5 |  5.3
Dodging        | 3 4 |  4.3
Fighting       | 3 4 |  4.2
Shields        | 3 4 |  4.1
Stealth        | |  0.6

Action                   |  1- 3 |  4- 6 |  7- 9 || total
-------------------------+-------+-------+-------++-------
Melee: Long sword        |   123 |   124 |   171 ||   418
  Use: Scroll            |       |     7 |       ||     7
       Potion            |       |     5 |     4 ||     9
 Stab: Sleeping          |       |       |     1 ||     1
  Eat: Chunk             |    15 |     7 |     6 ||    28
Armor: Robe              |    63 |    30 |    41 ||   134
Dodge: Dodged            |    77 |    44 |    76 ||   197
Block: Shield            |    68 |    48 |    75 ||   191
       Rpst.: Long sword |    30 |    10 |    16 ||    56
